 Dungeon Crawl Stone Soup version 0.29-a0-323-g050149af67 (webtiles) character file.

Game seed: 18055872252647353086

168 zishaf the Digger (level 5, 0/35 HPs)
             Began as an Octopode Earth Elementalist on Apr 11, 2022.
             Killed from afar by an orc wizard (6 damage)
             ... with a puff of flame
             ... on level 4 of the Dungeon.
             The game lasted 00:04:19 (3250 turns).

zishaf the Digger (Octopode Earth Elementalist)     Turns: 3250, Time: 00:04:20

Health: 0/35       AC:  1    Str:  7    XL:     5   Next: 49%
Magic:  1/8        EV: 13    Int: 19    God:
Gold:   161        SH:  0    Dex: 13    Spells: 2/8 levels left

rFire   . . .      SeeInvis .   f - +0 short sword
rCold   . . .      Faith    .   (no shield)
rNeg    . . .      Spirit   .   (helmet restricted)
rPois   .          Reflect  .   (no amulet)
rElec   .          Harm     .   (no ring)
rCorr   .          Rampage  .   (no ring)
Will    .....                   (no ring)
Stlth   +++.......              (no ring)
HPRegen 0.11/turn               (no ring)
MPRegen 0.11/turn               (no ring)
                                (no ring)
                                (no ring)

@: no status effects
A: almost no armour, amphibious, 8 rings, camouflage 1, gelatinous body 1,
(nimble swimmer 1), tentacles
a: no special abilities


You were on level 4 of the Dungeon.
You visited 1 branch of the dungeon, and saw 4 of its levels.

You collected 161 gold pieces.

Inventory:

Hand Weapons
 f - a +0 short sword (weapon)
Missiles
 a - 50 stones
Jewellery
 o - a +4 ring of evasion
Scrolls
 g - a scroll of amnesia
 j - a scroll of blinking
Potions
 b - 2 potions of magic
 c - 4 potions of attraction
 d - 2 potions of berserk rage
 e - a potion of brilliance {unknown}
 h - a potion of ambrosia {unknown}
 i - a potion of degeneration {unknown}
 k - 2 potions of might {unknown}
 m - 2 potions of cancellation {unknown}


   Skills:
 + Level 2.5 Fighting
 - Level 2.0 Dodging
 - Level 3.0 Stealth
 - Level 2.0 Spellcasting
 - Level 1.0 Transmutations
 * Level 5.1 Earth Magic


You had 2 spell levels left.
You knew the following spells:

 Your Spells              Type           Power      Damage    Failure   Level
a - Sandblast             Erth           42%        2d11      1%          1
b - Passwall              Tmut/Erth      10%        N/A       7%          2
c - Stone Arrow           Conj/Erth      22%        3d8       17%         3

Your spell library contained the following spells:

 Spells                   Type           Power      Damage    Failure   Level
 Petrify                  Tmut/Erth      13%        N/A       43%         4
 Tukima's Dance           Hex            1%         N/A       45%         3
 Anguish                  Hex/Necr       0%         N/A       86%         4
 Enfeeble                 Hex            0%         N/A       100%        7


Dungeon Overview and Level Annotations

Branches:
Dungeon (4/15)
 Temple: D:4-7

Altars:
Gozag

Shops:
D:1 (


Innate Abilities, Weirdness & Mutations

You cannot wear most types of armour.
You are amphibious.
You can wear up to eight rings at the same time.
Your skin changes colour to match your surroundings (Stealth+).
Your rubbery body absorbs attacks. (AC +1, EV +1)
((You are camouflaged when in or above water. (Stealth+)))
You have tentacles for arms and can constrict up to eight enemies at once.


Message History

The orc wizard gestures wildly while chanting.
The orc wizard flickers and vanishes!
Deactivating autopickup; reactivate with Ctrl-A.
Your Earth Magic skill increases to level 5!
Casting: Sandblast (safe; 2% risk of failure)
Confirm with . or Enter, or press ? or * to list all spells.
Aiming: Sandblast (safe; 2% risk of failure)
Press: ? - help, Shift-Dir - straight line, f - iguana
Aim: an iguana (83% to hit)
The blast of sand hits the iguana.
The iguana is moderately wounded.
The iguana bites you.
Casting: Sandblast (safe; 2% risk of failure)
Confirm with . or Enter, or press ? or * to list all spells.
Aiming: Sandblast (safe; 2% risk of failure)
Press: ? - help, Shift-Dir - straight line, f/p - iguana
Aim: an iguana (moderately wounded, 83% to hit)
The blast of sand hits the iguana.
The iguana is severely wounded.
The iguana bites you.
You hit the iguana but do no damage. Your grab misses the iguana.
The iguana is severely wounded.
The iguana bites you!
* * * LOW HITPOINT WARNING * * *
You hit the iguana. You grab the iguana.
You squeeze the iguana, but do no damage.
The iguana is severely wounded.
You constrict the iguana, but do no damage.
The iguana closely misses you.
You hit the iguana.
The iguana is almost dead.
You constrict the iguana.
You kill the iguana!
You miss something. Something hits you.
* * * LOW HITPOINT WARNING * * *
You closely miss something. You squeeze something.
You hear some strange, mumbled words.
A puff of flame appears from out of thin air!
The puff of flame hits you.
You die...

....... .# ......# .#
......# .# ...... l#
.....# o# .....# .#
.....#############.##
................@{).#
...##################
...# #### # #
##############
...[.........#
############.#


There were no monsters in sight!

Vanquished Creatures
  An iguana (D:4)
  2 orc wizards (D:4)
  3 adders
  2 worms
  An orc (D:4)
  3 ball pythons
  7 endoplasms
  A giant cockroach (D:2)
  9 goblins
  6 hobgoblins
  6 kobolds
  2 quokkas
  7 bats
  5 frilled lizards
  3 rats (D:2)
58 creatures vanquished.

Notes
Turn   | Place    | Note
-------+----------+-------------------------------------------
     0 | D:1      | zishaf the Octopode Earth Elementalist began the quest for
                  | the Orb.
     0 | D:1      | Reached XP level 1. HP: 11/11 MP: 3/3
     2 | D:1      | Found Xyhiop's Antique Weapon Shoppe.
   123 | D:1      | Found a faded altar of an unknown god.
   363 | D:1      | Reached XP level 2. HP: 18/18 MP: 3/5
   673 | D:2      | You fall into a shaft and drop 1 floor!
   681 | D:3      | Reached skill level 1 in Fighting
   778 | D:2      | Learned a level 2 spell: Passwall
   893 | D:2      | Reached XP level 3. HP: 22/23 MP: 6/6
   897 | D:2      | Learned a level 3 spell: Stone Arrow
  1170 | D:2      | Reached skill level 4 in Earth Magic
  1775 | D:2      | Reached XP level 4. HP: 28/28 MP: 4/7
  2012 | D:3      | Found an opulent altar of Gozag.
  2707 | D:3      | Identified the +0 robe of Okawaru's Hatred {rN+ Dex+3}
  2880 | D:4      | Noticed an ogre
  3241 | D:4      | Reached XP level 5. HP: 27/34 MP: 5/8
  3244 | D:4      | Reached skill level 5 in Earth Magic
  3250 | D:4      | Killed from afar by an orc wizard

Illustrated notes

Levels and vault maps discovered:
D:1:      ebering_trefoil_3fold, layout_basic, serial_shops,
          nicolae_shop_competitors_out_of_business,
          shapermc_ecumenical_altar_mp_ritualfount
D:2:      layout_basic, interstate_on_off, kennysheep_generic_room_2
D:3:      layout_loops_ring, nicolae_gozag_cash_rules_everything_around_me,
          minmay_puff
D:4:      layout_basic, uniq_sigmund

Skill      XL: |  1  2  3  4  5 |
---------------+----------------+-----
Stealth        | 3 |  3.0
Fighting       | 1 2 |  2.5
Earth Magic    | 4 5 |  5.1
Dodging        | |  2.0
Spellcasting   | |  2.0
Transmutations | |  1.0

Action                   |  1- 3 |  4- 6 || total
-------------------------+-------+-------++-------
Melee: Short sword       |    22 |    29 ||    51
       Tentacles         |     6 |     8 ||    14
       Constrict         |     4 |     8 ||    12
 Cast: Sandblast         |    34 |    22 ||    56
  Use: Scroll            |       |     7 ||     7
 Stab: Sleeping          |     4 |     1 ||     5
       Distracted        |     1 |       ||     1
Armor: Skin              |     2 |     2 ||     4
Dodge: Dodged            |    13 |    19 ||    32

Table legend: (Time is in decaauts)
 A = Elapsed time spent in this place.
 B = Non-inter-level travel time spent in this place.
 C = Inter-level travel time spent in this place.
 D = Time resting spent in this place.
 E = Time spent auto-exploring this place.
 F = Levels seen in this place.
 G = Mean time per level.
                   A        B        C        D        E       F      G
               +--------+--------+--------+--------+--------+-----+--------+
         Total |   3256 |   3120 |    136 |      0 |   2630 |   4 |  814.0 |
       Dungeon |   3256 |   3120 |    136 |      0 |   2630 |   4 |  814.0 |
               +--------+--------+--------+--------+--------+-----+--------+

Top non-repeatable levels by time:
     D:2: 1236 daAuts
     D:3: 1027 daAuts
     D:1: 672 daAuts
     D:4: 319 daAuts
